TOP OF THE 1ST |
Walla Walla All-Stars batting - Pitching for District 9 Prawns : LHP David Jackson
|
Pitching: LHP David Jackson
|
|
Batting: LHB Keith Beard
|
0-0: Ball 1-0: Fly out, F6 (Popup, 5)
|
Batting: SHB Sean Carr
|
0-0: Foul Ball, location: 2F 0-1: Ground out 1-3 (Groundball, 13)
|
Batting: RHB Lorenzo Morín
|
0-0: Foul Ball, location: 2F 0-1: Ball 1-1: Swinging Strike 1-2: Foul Ball, location: 2F 1-2: Ball 2-2: DOUBLE (Groundball, 5L)
|
Batting: RHB Claudio Guerra
|
0-0: Called Strike 0-1: Ball 1-1: Fly out, F6 (Line Drive, 6D)
|
Top of the 1st over - 0 run(s), 1 hit(s), 0 error(s), 1 left on base; Walla Walla 0 - District 9 0 |
TOP OF THE 2ND |
Walla Walla All-Stars batting - Pitching for District 9 Prawns : LHP David Jackson
|
Batting: RHB Pablo Lucero
|
0-0: Foul Ball, location: 2F 0-1: Ball 1-1: Swinging Strike 1-2: Foul Ball, location: 2F 1-2: Ball 2-2: Fly out, F9 (Flyball, 89XD)
|
Batting: RHB Leslie Penn
|
0-0: Ball 1-0: Ball 2-0: Fly out, F4 (Line Drive, 4)
|
Batting: RHB Jim Dunbar
|
0-0: Ball 1-0: SINGLE (Line Drive, 8RS)
|
Batting: RHB Daniel Guerrero
|
Pickoff Throw to First - Out!
|
Top of the 2nd over - 0 run(s), 1 hit(s), 0 error(s), 0 left on base; Walla Walla 0 - District 9 1 |
BOTTOM OF THE 2ND |
District 9 Prawns batting - Pitching for Walla Walla All-Stars : RHP Chris Sullivan
|
Batting: RHB Lúcio García
|
0-0: Swinging Strike 0-1: Swinging Strike 0-2: Ball 1-2: SOLO HOME RUN (Line Drive, 7D), Distance : 412 ft
|
Batting: RHB Bill Beck
|
0-0: Swinging Strike 0-1: SINGLE (Groundball, 6MD)
|
Batting: LHB Brian Roy
|
0-0: Ball 1-0: Swinging Strike 1-1: Ball 2-1: Foul Ball, location: 2F 2-2: Fly out, F8 (Flyball, 8RM)
|
Batting: SHB Mark Pope
|
0-0: Ball 1-0: Called Strike 1-1: Ball 2-1: Fielders Choice at 2nd, 3-6 (Groundball, 3)
|
Batting: RHB Manuel Cortéz
|
0-0: Ball 1-0: Called Strike 1-1: Ball 2-1: Ball 3-1: Swinging Strike 3-2: Strikes out looking
|
Bottom of the 2nd over - 1 run(s), 2 hit(s), 0 error(s), 1 left on base; Walla Walla 0 - District 9 2 |
TOP OF THE 3RD |
Walla Walla All-Stars batting - Pitching for District 9 Prawns : LHP David Jackson
|
Batting: RHB Daniel Guerrero
|
0-0: Called Strike 0-1: Foul Ball, location: 2F 0-2: Ball 1-2: Ground out 6-3 (Groundball, 6)
|
Batting: RHB Pablo Castillo
|
0-0: Ball 1-0: Ball 2-0: Foul Ball, location: 2F 2-1: Fly out, F8 (Flyball, 8LM)
|
Batting: LHB Keith Beard
|
0-0: Ball 1-0: Called Strike 1-1: Foul Ball, location: 2F 1-2: Ball 2-2: Fly out, F8 (Flyball, 8LD)
|
Top of the 3rd over - 0 run(s), 0 hit(s), 0 error(s), 0 left on base; Walla Walla 0 - District 9 2 |
BOTTOM OF THE 3RD |
District 9 Prawns batting - Pitching for Walla Walla All-Stars : RHP Chris Sullivan
|
Batting: LHB Enrique Nalasco
|
0-0: Ball 1-0: Foul Ball, location: 2F 1-1: Ball 2-1: Ball 3-1: Base on Balls
|
Batting: RHB Alonso Holguín
|
0-0: Called Strike Enrique Nalasco steals 2nd base 0-1: Foul Ball, location: 2F 0-2: Ground out 5-3 (Groundball, 56S) Enrique Nalasco to third
|
Batting: LHB Leland Hardy
|
0-0: Called Strike 0-1: Foul Ball, location: 2F 0-2: 2-RUN HOME RUN (Flyball, 9LD), Distance : 360 ft
|
Batting: RHB Alfredo Cortéz
|
0-0: Called Strike 0-1: Called Strike 0-2: Foul Ball, location: 2F
|
|
|
|
0-2: Ball 1-2: Ball 2-2: SINGLE (Line Drive, 7S)
|
Batting: RHB Lúcio García
|
0-0: Called Strike 0-1: Swinging Strike 0-2: Ball 1-2: Fly out, F9 (Flyball, 9D)
|
Batting: RHB Bill Beck
|
0-0: Ball 1-0: Called Strike 1-1: Ball 2-1: Fielders Choice at 2nd, U6 (Groundball, 6M)
|
Bottom of the 3rd over - 2 run(s), 2 hit(s), 0 error(s), 1 left on base; Walla Walla 0 - District 9 4 |
TOP OF THE 4TH |
Walla Walla All-Stars batting - Pitching for District 9 Prawns : LHP David Jackson
|
Batting: SHB Sean Carr
|
0-0: Ball 1-0: Ball 2-0: Fly out, F8 (Line Drive, 8RM)
|
Batting: RHB Lorenzo Morín
|
0-0: Ball 1-0: Ground out 6-3 (Groundball, 6)
|
Batting: RHB Claudio Guerra
|
0-0: Foul Ball, location: 2F 0-1: Ball 1-1: Fly out, F7 (Flyball, 7D)
|
Top of the 4th over - 0 run(s), 0 hit(s), 0 error(s), 0 left on base; Walla Walla 0 - District 9 4 |
BOTTOM OF THE 4TH |
District 9 Prawns batting - Pitching for Walla Walla All-Stars : RHP Chris Sullivan
|
Batting: LHB Brian Roy
|
0-0: Ground out 6-3 (Groundball, 6M)
|
Batting: SHB Mark Pope
|
0-0: Called Strike 0-1: DOUBLE (Line Drive, 9LM)
|
Batting: RHB Manuel Cortéz
|
0-0: SINGLE (Line Drive, 8LS) Mark Pope to third
|
Batting: LHB Enrique Nalasco
|
0-0: Ball 1-0: Foul Ball, location: 2F 1-1: Ball 2-1: Ball 3-1: Foul Ball, location: 2F 3-2: Foul Ball, location: 2F 3-2: Grounds into double play, 4-6-3 (Groundball, 4)
|
Bottom of the 4th over - 0 run(s), 2 hit(s), 0 error(s), 1 left on base; Walla Walla 0 - District 9 4 |
TOP OF THE 5TH |
Walla Walla All-Stars batting - Pitching for District 9 Prawns : LHP David Jackson
|
Batting: RHB Pablo Lucero
|
0-0: Called Strike 0-1: Called Strike 0-2: Fly out, F5 (Popup, 5S)
|
Batting: RHB Leslie Penn
|
0-0: Ball 1-0: Foul Ball, location: 2F 1-1: Called Strike 1-2: Fly out, F8 (Flyball, 8LM)
|
Batting: RHB Jim Dunbar
|
0-0: Called Strike 0-1: Foul Ball, location: 2F 0-2: Fly out, F3 (Popup, 3L)
|
Top of the 5th over - 0 run(s), 0 hit(s), 0 error(s), 0 left on base; Walla Walla 0 - District 9 4 |
BOTTOM OF THE 5TH |
District 9 Prawns batting - Pitching for Walla Walla All-Stars : RHP Chris Sullivan
|
Batting: RHB Alonso Holguín
|
0-0: Called Strike 0-1: Ball 1-1: Called Strike 1-2: Foul Ball, location: 2F 1-2: Ball 2-2: Ball 3-2: Strikes out swinging
|
Batting: LHB Leland Hardy
|
0-0: Foul Ball, location: 2F 0-1: SINGLE (Flyball, 8RS)
|
Batting: RHB Alfredo Cortéz
|
0-0: Fly out, F9 (Flyball, 9S)
|
Batting: RHB Lúcio García
|
0-0: Ball 1-0: Ground out 5-3 (Groundball, 5S)
|
Bottom of the 5th over - 0 run(s), 1 hit(s), 0 error(s), 1 left on base; Walla Walla 0 - District 9 4 |
TOP OF THE 6TH |
Walla Walla All-Stars batting - Pitching for District 9 Prawns : LHP David Jackson
|
Batting: RHB Daniel Guerrero
|
0-0: Foul Ball, location: 2F 0-1: TRIPLE (Flyball, 8RXD)
|
Batting: RHB Pablo Castillo
|
0-0: Ball 1-0: Called Strike 1-1: Fly out, F9 (Flyball, 89M) Runner from 3rd tags up, SCORES, no throw
|
Batting: LHB Keith Beard
|
0-0: Swinging Strike 0-1: Ball 1-1: Foul Ball, location: 2F 1-2: Fly out, F9 (Flyball, 89M)
|
Batting: SHB Sean Carr
|
0-0: Ball 1-0: Swinging Strike 1-1: Ball 2-1: SINGLE (Line Drive, 78M)
|
Batting: RHB Lorenzo Morín
|
0-0: Called Strike 0-1: Called Strike 0-2: Foul Ball, location: 2F 0-2: Ball 1-2: Foul Ball, location: 2F 1-2: 2-RUN HOME RUN (Line Drive, 7D), Distance : 391 ft
|
Batting: RHB Claudio Guerra
|
0-0: Foul Ball, location: 2F 0-1: Ball 1-1: Fly out, F8 (Flyball, 8LXD)
|
Top of the 6th over - 3 run(s), 3 hit(s), 0 error(s), 0 left on base; Walla Walla 3 - District 9 4 |
BOTTOM OF THE 6TH |
District 9 Prawns batting - Pitching for Walla Walla All-Stars : RHP Chris Sullivan
|
Batting: RHB Bill Beck
|
0-0: Called Strike 0-1: Ball 1-1: Fly out, F9 (Flyball, 9S)
|
Batting: LHB Brian Roy
|
0-0: Swinging Strike 0-1: Called Strike 0-2: Ball 1-2: Foul Ball, location: 2F 1-2: SINGLE (Line Drive, 89S)
|
Batting: SHB Mark Pope
|
0-0: Ball 1-0: Foul Ball, location: 2F 1-1: Foul Ball, location: 2F 1-2: Ball 2-2: Foul Ball, location: 2F 2-2: 2-RUN HOME RUN (Flyball, 78XD), Distance : 421 ft
|
Batting: RHB Manuel Cortéz
|
0-0: Called Strike 0-1: Foul Ball, location: 2F 0-2: Ball 1-2: Foul Ball, location: 2F 1-2: Ground out 6-3 (Groundball, 6)
|
Batting: LHB Enrique Nalasco
|
0-0: Called Strike 0-1: Swinging Strike 0-2: Ball 1-2: Foul Ball, location: 2F 1-2: Foul Ball, location: 2F 1-2: Foul Ball, location: 2F 1-2: Strikes out swinging
|
Bottom of the 6th over - 2 run(s), 2 hit(s), 0 error(s), 0 left on base; Walla Walla 3 - District 9 6 |
TOP OF THE 7TH |
Walla Walla All-Stars batting - Pitching for District 9 Prawns : LHP David Jackson
|
Batting: RHB Pablo Lucero
|
0-0: Swinging Strike 0-1: Foul Ball, location: 2F 0-2: Ball 1-2: Strikes out swinging
|
Batting: RHB Leslie Penn
|
0-0: Ball 1-0: Ball 2-0: Ball 3-0: Base on Balls
|
Batting: RHB Jim Dunbar
|
0-0: Ball 1-0: Ball 2-0: Fielders Choice at 2nd, 1-6 (Groundball, 15)
|
Batting: RHB Daniel Guerrero
|
0-0: Ball 1-0: Fly out, F4 (Popup, 4)
|
Top of the 7th over - 0 run(s), 0 hit(s), 0 error(s), 1 left on base; Walla Walla 3 - District 9 6 |
BOTTOM OF THE 7TH |
District 9 Prawns batting - Pitching for Walla Walla All-Stars : RHP Chris Sullivan
|
Pitching: LHP Pedro Torres
|
|
Batting: RHB Alonso Holguín
|
0-0: SINGLE (Groundball, 15S) (infield hit)
|
Batting: LHB Leland Hardy
|
0-0: Called Strike 0-1: Ball 1-1: Ball 2-1: TRIPLE (Line Drive, 89D) Alonso Holguín scores
|
Batting: RHB Alfredo Cortéz
|
0-0: Ground out 6-3 (Groundball, 6M) Leland Hardy scores
|
Batting: RHB Lúcio García
|
0-0: Ball 1-0: Ball 2-0: Ball 3-0: Base on Balls
|
Batting: RHB Bill Beck
|
0-0: Ball 1-0: Ball 2-0: Ball 3-0: Called Strike 3-1: Base on Balls Lúcio García to second
|
Batting: LHB Brian Roy
|
0-0: Called Strike Lúcio García steals 3rd base Bill Beck to second 0-1: Ball 1-1: Ball 2-1: Fly out, F7 (Flyball, 7S)
|
Batting: SHB Mark Pope
|
0-0: Called Strike 0-1: Fly out, F8 (Flyball, 8RS)
|
Bottom of the 7th over - 2 run(s), 2 hit(s), 0 error(s), 2 left on base; Walla Walla 3 - District 9 8 |
TOP OF THE 8TH |
Walla Walla All-Stars batting - Pitching for District 9 Prawns : LHP David Jackson
|
Pitching: RHP Troy Keough
|
|
Batting: RHB Pablo Castillo
|
0-0: Foul Ball, location: 2F 0-1: Foul Ball, location: 2F 0-2: Ball 1-2: Ball 2-2: Ball 3-2: Base on Balls
|
Batting: LHB Keith Beard
|
0-0: Called Strike 0-1: SINGLE (Groundball, 4M) (infield hit) Pablo Castillo to second
|
Batting: SHB Sean Carr
|
0-0: Ball 1-0: Foul Ball, location: 2F 1-1: Ball 2-1: Foul Ball, location: 2F 2-2: Ball 3-2: Grounds into double play, 5-4-3 (Groundball, 56) Pablo Castillo to third
|
Batting: RHB Lorenzo Morín
|
0-0: Ball 1-0: Fly out, F7 (Flyball, 7LD)
|
Top of the 8th over - 0 run(s), 1 hit(s), 0 error(s), 1 left on base; Walla Walla 3 - District 9 8 |
BOTTOM OF THE 8TH |
District 9 Prawns batting - Pitching for Walla Walla All-Stars : LHP Pedro Torres
|
Batting: RHB Manuel Cortéz
|
0-0: Ball 1-0: Ball 2-0: Fly out, F8 (Flyball, 8RM)
|
Batting: LHB Enrique Nalasco
|
0-0: Called Strike 0-1: Called Strike 0-2: Ball 1-2: Ball 2-2: Ball 3-2: DOUBLE (Line Drive, 5L)
|
Batting: RHB Alonso Holguín
|
0-0: Called Strike Enrique Nalasco is caught stealing 3rd base 0-1: Ball 1-1: Foul Ball, location: 2F 1-2: Ball 2-2: Fly out, F3 (Popup, 34S)
|
Bottom of the 8th over - 0 run(s), 1 hit(s), 0 error(s), 0 left on base; Walla Walla 3 - District 9 8 |
TOP OF THE 9TH |
Walla Walla All-Stars batting - Pitching for District 9 Prawns : RHP Troy Keough
|
Pitching: RHP Eric Love
|
|
Now at C: José Contreras
|
|
Batting: RHB Claudio Guerra
|
0-0: Ball 1-0: Fly out, F5 (Line Drive, 5)
|
Batting: RHB Pablo Lucero
|
0-0: Foul Ball, location: 2F 0-1: Foul Ball, location: 2F 0-2: Foul Ball, location: 2F 0-2: Ball 1-2: Ground out 6-3 (Groundball, 6M)
|
Batting: RHB Leslie Penn
|
0-0: Ball 1-0: Foul Ball, location: 2F 1-1: Ball 2-1: Ball 3-1: Called Strike 3-2: Fly out, F8 (Flyball, 8LM)
|
Top of the 9th over - 0 run(s), 0 hit(s), 0 error(s), 0 left on base; Walla Walla 3 - District 9 8 |
|
|